 Dungeon Crawl Stone Soup version 0.31-a0-263-ge8cad7f256 (webtiles) character file.

Game seed: 9261559328796757386

70 qw the Shooter (level 4, -11/26 HPs)
             Began as a Gargoyle Hexslinger on July 13, 2023.
             Killed by divine providence
             ... invoked by an orc priest
              (13 damage)
             ... on level 3 of the Dungeon.
             The game lasted 00:00:45 (1815 turns).

qw the Shooter (Gargoyle Hexslinger)                Turns: 1815, Time: 00:00:46

Health: -11/26     AC:  9    Str: 12    XL:     4   Next: 21%
Magic:  5/5        EV: 10    Int: 13    God:
Gold:   42         SH:  0    Dex: 14    Spells: 4/5 levels left

rFire   . . .        Y - +3 sling
rCold   . . .        (no shield)
rNeg    + . .        h - +0 ring mail
rPois   inf          (no helmet)
rElec   +            k - +0 cloak
rCorr   .            (no gloves)
SInv    .            (no boots)
Will    +....        (no amulet)
Stlth   +            d - ring of willpower
HPRegen 0.24/turn    (no ring)
MPRegen 0.09/turn

%: no passive effects
@: about to teleport
A: sickness immunity, AC +3, negative energy resistance 1, electricity
resistance, torment resistance 1, petrification resistance
a: no special abilities


You were on level 3 of the Dungeon.
You visited 1 branch of the dungeon, and saw 3 of its levels.

You collected 42 gold pieces.


Innate Abilities, Weirdness & Mutations

You are immune to sickness and miasma.
Your stone body is resilient. (AC +3)
You are immune to poison.
You resist negative energy. (rN+)
You are resistant to electric shocks. (rElec)
You are resistant to unholy torment.
You are immune to petrification.


   Skills:
 - Level 2.0 Fighting
 + Level 3.8 Ranged Weapons
 - Level 1.1 Armour
 - Level 1.5 Dodging
 - Level 1.0 Spellcasting
 - Level 2.6 Hexes


You had 4 spell levels left.
You knew the following spells:

 Your Spells              Type           Power      Damage    Failure   Level
a - Slow                  Hex            28%        N/A       22%         1

Your spell library contained the following spells:

 Spells                   Type           Power      Damage    Failure   Level
 Inner Flame              Hex/Fire       4%         N/A       73%         3
 Portal Projectile        Hex/Tloc       8%         N/A       73%         3
 Cause Fear               Hex            3%         N/A       91%         4

Inventory:

Hand Weapons
 Y - a +3 sling (weapon)
Armour
 h - a +0 ring mail (worn)
 k - a +0 cloak (worn)
Jewellery
 d - a ring of willpower (left hand)
Scrolls
 e - a scroll of identify
Potions
 b - a potion of degeneration {unknown}
 c - a potion of resistance {unknown}
 i - a potion of curing {unknown}
 j - a potion of brilliance {unknown}

Dungeon Overview and Level Annotations

Branches:
Dungeon (3/15)

Altars:


Message History

The orc priest hits you but does no damage.
The orc hits you but does no damage.
You shoot a sling bullet. The sling bullet hits the orc.
The orc is severely wounded.
The orc priest invokes the aid of Beogh against you.
Beogh smites you!
Ouch! That really hurt!
The orc hits you but does no damage. The kobold closely misses you.
You shoot a sling bullet. The sling bullet barely misses the orc.
The sling bullet hits the orc priest.
The orc priest is heavily wounded.
The orc priest closely misses you.
The kobold hits you with a +0 short sword.
The orc priest closely misses you. The kobold hits you but does no damage.
The orc hits you but does no damage.
You shoot a sling bullet. The sling bullet barely misses the orc.
The sling bullet hits the orc priest.
The orc priest is heavily wounded.
The orc priest hits you but does no damage.
The orc barely misses you. The kobold hits you but does no damage.
You shoot a sling bullet. The sling bullet hits the orc.
You kill the orc!
The orc priest hits you from afar with a +0 trident.
The kobold hits you with a +0 short sword.
You shoot a sling bullet. The sling bullet barely misses the orc.
The sling bullet hits the orc priest.
The orc priest is severely wounded.
The orc hits you but does no damage.
The orc priest hits you from afar with a +0 trident!
The kobold barely misses you.
The orc priest looks satisfied for a moment.
The kobold hits you but does no damage.
1815 ||| READING scroll of teleportation.
As you read the scroll of teleportation, it crumbles to dust.
You feel strangely unstable. The orc hits you but does no damage.
The orc priest invokes the aid of Beogh against you.
Beogh smites you!
Ouch! That really hurt!
You die...

###.#.###.#
#......##.###
#.##...##...#
#...%....##.#
#....###..#.#
##.....#..#.#
#.....#....#
#.###.....##
.. #@###.#
... #Ko.#.#
..# ...o#..
.###.^... #.
.###.# . ..
.# .# .. .#
#. #..


You could see an orc priest, an orc and a kobold.

Vanquished Creatures
  2 adders (D:2)
  A worm (D:2)
  An orc (D:3)
  4 bats
  5 endoplasms
  3 giant cockroaches
  7 goblins
  6 hobgoblins
  2 kobolds
  A quokka (D:1)
  4 ball pythons
  2 frilled lizards (D:1)
  5 rats
43 creatures vanquished.

Notes
Turn   | Place    | Note
-------+----------+-------------------------------------------
     0 | D:1      | qw the Gargoyle Hexslinger began the quest for the Orb.
     0 | D:1      | Reached XP level 1. HP: 12/12 MP: 2/2
     0 | D:1      | 0 ||| qw: Version: 0.3-a-52-g30416fa
     0 | D:1      | 0 ||| qw: Game counter: 7272
     0 | D:1      | 0 ||| qw: Melee chars always use a shield: true
     0 | D:1      | 0 ||| qw: God list: Okawaru
     0 | D:1      | 0 ||| qw: Allow faded altars: false
     0 | D:1      | 0 ||| qw: Do Orc after clearing Dungeon:15 true
     0 | D:1      | 0 ||| qw: Do second Lair branch before Depths: true
     0 | D:1      | 0 ||| qw: Lair rune preference: random
     0 | D:1      | 0 ||| qw: Goals: Normal
     0 | D:1      | 0 ||| PLANNING D:1-11
   198 | D:1      | Reached XP level 2. HP: 16/16 MP: 3/3
   335 | D:1      | Reached skill level 3 in Ranged Weapons
   749 | D:1      | 749 ||| UPGRADING to +0 leather armour.
   759 | D:1      | 759 ||| DROPPING +0 robe.
   760 | D:1      | 760 ||| UPGRADING to +0 ring mail.
   770 | D:1      | 770 ||| DROPPING +0 leather armour.
   771 | D:1      | 771 ||| UPGRADING to +0 cloak.
   776 | D:1      | 776 ||| UPGRADING to ring of willpower.
   777 | D:1      | 777 ||| READING 2 scrolls labelled QAJION ZOYME.
   782 | D:1      | 782 ||| READING scroll labelled FEMOASYISCH.
   883 | D:1      | 883 ||| READING scroll labelled YZAMNE DAKKI.
   884 | D:1      | 884 ||| READING scroll labelled DIFOTW YTWI.
   885 | D:1      | 885 ||| READING scroll labelled YMPIUJOLOEN.
   886 | D:1      | 886 ||| READING scroll labelled COL FOGGOZUHOAS.
   897 | D:1      | 897 ||| DROPPING scroll of poison.
   933 | D:2      | Reached XP level 3. HP: 21/21 MP: 4/4
   982 | D:2      | Reached skill level 1 in Armour
  1216 | D:2      | Found a faded altar of an unknown god.
  1254 | D:2      | Reached XP level 4. HP: 26/26 MP: 5/5
  1635 | D:2      | 1635 ||| READING scroll labelled POOSE KISTRO.
  1636 | D:2      | 1636 ||| DRINKING 3 golden potions.
  1639 | D:2      | 1639 ||| DROPPING 2 potions of ambrosia.
  1676 | D:3      | 1676 ||| READING scroll of enchant weapon.
  1676 | D:3      | 1676 ||| ENCHANTING +2 sling.
  1814 | D:3      | HP: 2/26 [orc priest/+0 trident (7)]
  1815 | D:3      | 1815 ||| READING scroll of teleportation.
  1815 | D:3      | Killed from afar by an orc priest

Levels and vault maps discovered:
D:1:      spicycebolla_arrival_clurvy, layout_basic, minmay_tetromino_t4
D:2:      layout_basic, serial_corexii_hall, corexii_hall_statues_i,
          corexii_hall_statues_i, corexii_hall_statues_i,
          corexii_hall_statues_l, basic_ecumenical_altar, supply_closet_lemuel,
          kennysheep_generic_room_6
D:3:      layout_basic, serial_shops, shop, hangedman_decor_points

Skill      XL: |  1  2  3 |
---------------+----------+-----
Ranged Weapons | 3 |  3.8
Fighting       | 2 |  2.0
Armour         | 1 |  1.1
Dodging        | |  1.5
Spellcasting   | |  1.0
Hexes          | |  2.6

Action                     |  1- 3 |  4- 6 || total
---------------------------+-------+-------++-------
   Fire: Sling             |   134 |    37 ||   171
    Use: Scroll            |     6 |     3 ||     9
         Potion            |       |     1 ||     1
 Armour: Robe              |    12 |       ||    12
         Ring mail         |    28 |    20 ||    48
  Dodge: Dodged            |    56 |    19 ||    75

Table legend:
 A = Non-vault XP
 B = Vault XP
 C = Vault XP percentage of total XP
 D = Non-vault monster count
 E = Vault monster count
 F = Vault count percentage of total count
                 A         B        C        D         E       F
            +---------+---------+-------+---------+---------+-------
      Total |      92 |       8 |   8.0 |      38 |       5 |  11.6
            +---------+---------+-------+---------+---------+-------
        D:1 |      25 |       5 |  16.7 |      15 |       3 |  16.7
        D:2 |      58 |       3 |   4.9 |      18 |       2 |  10.0
        D:3 |       9 |       0 |   0.0 |       5 |       0 |   0.0
            +---------+---------+-------+---------+---------+-------
